 Dungeon Sprint DCSS version 0.28-a0-925-gd5e1996cdb (webtiles) character file.

Game seed: 2349815111652432564

320424 mhtbhm the Conqueror (level 19, -5/207 HPs)
             Began as a Minotaur Fighter on Nov 25, 2021.
             Was an Initiate of Gozag.
             Killed from afar by an ancient lich (61 damage)
             ... with a crystal spear
             ... in the Dungeon (Sprint IX: "|||||||||||||||||||||||||||||") on Nov 26, 2021.
             The game lasted 00:30:56 (15181 turns).

mhtbhm the Conqueror (Minotaur Fighter)            Turns: 15181, Time: 00:30:58

Health: -5/207     AC: 35    Str: 37    XL:     19   Next: 25%
Magic:  19/19      EV: 28    Int:  7    God:    Gozag
Gold:   30727      SH: 34    Dex: 14    Spells: 20/20 levels left

rFire   + . .      SeeInvis +   a - +4 eudemon blade (holy)
rCold   + + .      Faith    .   c - +4 tower shield of Atwutwe {SInv}
rNeg    . . .      Spirit   .   b - +6 scale mail of the Boiling Point {Will++}
rPois   +          Reflect  +   T - +2 hat
rElec   +          Harm     .   K - +1 cloak of Starlight {*Dazzle EV+4 Stlth--}
rCorr   +          Rampage  .   y - +2 pair of gloves {Str+3}
Will    +++..      NoTele   +   w - +1 pair of boots {Fly}
Stlth   ++++++....              F - amulet of reflection
HPRegen 0.44/turn               R - ring "Peicsuczi" {AC+3 Str+7}
MPRegen 0.16/turn               G - ring of protection from cold

@: resistant, flying, hasted, very quick
A: horns 2, retaliatory headbutt, hooves 1, agile 1, clever 1, screaming 1
}: 5/17 runes: decaying, serpentine, barnacled, silver, gossamer
a: Renounce Religion, Potion Petition, Call Merchant, Bribe Branch


You were in the Dungeon.
You worshipped Gozag.
Gozag was extremely pleased with you.
You visited 1 branch You collected 46509 gold pieces.
You spent 5003 gold pieces at shops.
You paid 10779 gold pieces to Gozag.

Inventory:

Hand Weapons
 a - a +4 eudemon blade of holy wrath (weapon)
 J - a +2 scimitar of flaming
 S - the +5 demon blade "Extur" {elec, rPois Str+6}
   (You found it in the Dungeon)

   It occasionally discharges a powerful burst of electricity upon striking a
   foe.
   Str:       It affects your strength (+6).
   rPois:     It protects you from poison.
Missiles
 f - 7 silver javelins
 n - 6 javelins (quivered)
 t - 2 boomerangs
Armour
 b - the +6 scale mail of the Boiling Point (worn) {Will++}
   (You bought it in a shop in the Dungeon)

   Will:      It greatly increases your willpower.
 c - the +4 tower shield of Atwutwe (worn) {SInv}
   (You found it in the Dungeon)

   SInv:      It lets you see invisible.
 w - a +1 pair of boots of flying (worn)
 y - a +2 pair of gloves of strength (worn)
 H - a +0 buckler
 K - the +1 cloak of Starlight (worn) {*Dazzle EV+4 Stlth--}
   (You bought it in a shop in the Dungeon)

   It may blind those who miss an attack against the wearer in melee combat.
   EV:        It affects your evasion (+4).
   Stlth:     It makes you much less stealthy.
 T - a +2 hat (worn)
Jewellery
 l - an amulet of regeneration
 x - the macabre finger necklace {rN+}
   (You bought it in a shop in the Dungeon)

   [amulet of nothing]

   It enables you to equip an extra ring.
   rN:        It protects you from negative energy.
 F - an amulet of reflection (around neck)
 G - a ring of protection from cold (right hand)
 N - the ring "Guirryn" {Wiz *Slow rPois Stlth+}
   (You found it in the Dungeon)

   [ring of wizardry]

   It improves your spell success rate.
   rPois:     It protects you from poison.
   *Slow:     It may slow you when you take damage.
   Stlth:     It makes you more stealthy.
 O - the ring "Guogorikut" {Fire rElec Str-5 Int+2}
   (You found it in the Dungeon)

   [ring of fire]

   It enhances your fire magic.
   Str:       It affects your strength (-5).
   Int:       It affects your intelligence (+2).
   rF:        It protects you from fire.
   rC:        It makes you vulnerable to cold.
   rElec:     It insulates you from electricity.
 P - the ring of Ruinug {Will+ Int+3}
   (You found it in the Dungeon)

   [ring of intelligence]

   Int:       It affects your intelligence (+3).
   Will:      It increases your willpower.
 Q - the ring "Plog" {Ice rN+}
   (You found it in the Dungeon)

   [ring of ice]

   It enhances your ice magic.
   rF:        It makes you vulnerable to fire.
   rC:        It protects you from cold.
   rN:        It protects you from negative energy.
 R - the ring "Peicsuczi" (left hand) {AC+3 Str+7}
   (You found it in the Dungeon)

   [ring of protection]

   AC:        It affects your AC (+3).
   Str:       It affects your strength (+7).
Wands
 v - a wand of iceblast (2)
 D - a wand of acid (7)
 E - a wand of mindburst (15)
Scrolls
 g - a scroll of holy word
 j - 2 scrolls of blinking
 k - 2 scrolls of amnesia
 m - 4 scrolls of fear
 p - 2 scrolls of fog
 q - 7 scrolls of enchant weapon
 r - 5 scrolls of enchant armour
 B - 3 scrolls of identify
 C - a scroll of brand weapon
 W - a scroll of torment
 X - a scroll of silence
Potions
 d - 2 potions of mutation
 e - 7 potions of curing
 h - 9 potions of magic
 s - a potion of attraction
 z - 2 potions of might
 A - 2 potions of berserk rage
 I - 3 potions of brilliance
 M - 2 potions of lignification
 U - 7 potions of haste
 V - 6 potions of heal wounds
Miscellaneous
 i - a phantom mirror
 u - a condenser vane
 L - a tin of tremorstones (2/2)


   Skills:
 O Level 27 Fighting
 + Level 2.5(16.8) Short Blades
 O Level 27 Long Blades
 + Level 3.0(4.1) Axes
 + Level 2.7(3.9) Maces & Flails
 + Level 2.9(4.0) Polearms
 + Level 2.8(4.0) Staves
 + Level 2.7(19.7) Slings
 - Level 1.1 Bows
 - Level 1.1 Crossbows
 O Level 27 Throwing
 O Level 27 Armour
 O Level 27 Dodging
 O Level 27 Stealth
 O Level 27 Shields
 - Level 1.0 Unarmed Combat
 + Level 1.2 Spellcasting
 - Level 0.6 Conjurations
 - Level 0.5 Hexes
 - Level 0.7 Summonings
 - Level 0.6 Necromancy
 - Level 0.6 Translocations
 - Level 0.9 Transmutations
 - Level 0.6 Fire Magic
 - Level 0.7 Ice Magic
 - Level 0.7 Air Magic
 - Level 0.9 Earth Magic
 - Level 0.7 Poison Magic
 - Level 0.9 Invocations
 * Level 22.0 Evocations


You had 20 spell levels left.
You didn't know any spells.
Your spell library was empty.

Dungeon Overview and Level Annotations

Branches:
Dungeon (1/1)

Altars:
Cheibriados
Dithmenos
Elyvilon
Fedhas
Gozag
Hepliaklqana
Kikubaaqudgha
Makhleb
Nemelex Xobeh
Okawaru
Qazlal
Ru
Sif Muna
Trog
Uskayaw
Vehumet
Wu Jian
Xom
Yredelemnul
Zin
The Shining One
Beogh
Jiyva
Lugonu

Shops:
D =[*![***


Innate Abilities, Weirdness & Mutations

You have a pair of horns on your head.
You reflexively headbutt those who attack you in melee.
You have large cloven feet.
You are agile. (Dex +2)
Your mind is acute. (Int +2)
You occasionally shout uncontrollably at your foes.


Message History

The vampire knight bites you but does no damage.
You slash the vampire knight!
The vampire knight convulses.
Your headbutt misses the vampire knight.
The vampire knight is lightly damaged.
Unknown command.
You slice the vampire knight!!
The vampire knight convulses!!!
You destroy the vampire knight!
The lich is no longer distracted by gold.
The ancient lich is no longer distracted by gold.
Items here: $ ))))) [[[[[.
The ancient lich is no longer distracted by gold.
The vampire knight casts a spell at you.
The vampire knight blinks!
You slash the ancient lich!
The ancient lich convulses!
Your headbutt misses the ancient lich.
The ancient lich is moderately damaged.
You block the ancient lich's attack.
You barely miss the ancient lich. You headbutt the ancient lich.
The ancient lich is moderately damaged.
You carve the ancient lich like a ham!!!
The ancient lich convulses!!!
You destroy the ancient lich!
The lich gestures wildly while chanting.
The lich flickers and vanishes for a moment.
Your base Axes skill increases to level 3!
Your Evocations skill increases to level 22!
The lich is no longer moving quickly.
You block the ancient lich's attack.
Items here: $ ))))) [[[[[.
You slice the ancient lich!!
The ancient lich convulses.
The ancient lich is moderately damaged.
You slice the ancient lich!!
The ancient lich convulses!
The ancient lich is severely damaged.
The ancient lich touches you but does no damage.
You closely miss the ancient lich.
You headbutt the ancient lich, but do no damage.
The ancient lich is severely damaged.
The ancient lich gestures at you while chanting.
The crystal spear hits you!!!
You die...
Your body crumbles into a pile of gold.

▓▓▓▓▓▓▓▓▓▓▓▓▓▓▓▓▓▓
.▓...▓...▓...▓...▓
.▓.▓.▓.▓.▓.▓.▓.▓.▓
.▓.▓.▓.▓.▓.▓.▓.▓@▓
.▓.▓.▓.▓'▓.▓.▓.▓L▓
.▓.▓.▓.▓.▓.▓.▓.▓L▓
.▓.▓.▓.▓.▓.▓.▓.▓V▓
.▓.▓.▓.▓.▓.▓.▓.▓L▓
.▓.▓'▓.▓)▓.▓.▓.▓.▓
.▓.▓.▓.▓.▓.▓.▓.▓.▓
.▓.▓.▓.▓.▓.▓'▓.▓.▓
)▓.▓.▓.▓)▓.▓.▓.▓.▓


You could see an ancient lich (fast, invisible), 2 liches and a vampire knight
(invisible).

Vanquished Creatures
  4 ancient liches (D)
  4 orbs of fire (D)
  Mennas (D)
  Mara (D)
  A juggernaut (D)
  Sojobo (D)
  Margery (D)
  A Killer Klown (D)
  Saint Roka (D)
  Xtahua (D)
  Frederick (D)
  3 golden dragons (D)
  Nikola (D)
  4 electric golems (D)
  3 tentacled monstrosities (D)
  Rupert (D)
  29 Orb Guardians (D)
  A titan (D)
  A walking divine tome (D)
  2 quicksilver dragons (D)
  Frances (D)
  3 death cobs (D)
  4 tengu reavers (D)
  A storm dragon (D)
  8 shadow dragons (D)
  A draconian monk (D)
  Agnes (D)
  A fire giant (D)
  3 nagarajas (D)
  A draconian scorcher (D)
  An iron dragon (D)
  4 vault wardens (D)
  Aizul (D)
  2 orc warlords (D)
  4 draconian knights (D)
  A frost giant (D)
  3 draconian shifters (D)
  4 ghost moths (D)
  4 emperor scorpions (D)
  4 ironbound preservers (D)
  2 draconian annihilators (D)
  A war gargoyle (D)
  6 very ugly things (D)
  3 green draconians (D)
  2 black draconians (D)
  5 stone giants (D)
  An entropy weaver (D)
  7 vampire knights (D)
  3 purple draconians (D)
  A yellow draconian (D)
  4 red draconians (D)
  3 dire elephants (D)
  5 merfolk javelineers (D)
  2 ettins (D)
  2 merfolk impalers (D)
  7 yaktaur captains (D)
  3 great orbs of eyes (D)
  A rakshasa (D)
  A fire dragon (D)
  Harold (D)
  2 boulder beetles (D)
  4 ice dragons (D)
  16 hydras (D)
  4 naga warriors (D)
  26 vault guards (D)
  2 merfolk avatars (D)
  2 ironbound frosthearts (D)
  3 merfolk aquamancers (D)
  5 two-headed ogres (D)
  2 centaur warriors (D)
  4 deep troll shamans (D)
  6 hell knights (D)
  2 deep troll earth magi (D)
  A vampire mage (D)
  7 orc high priests (D)
  A spriggan berserker (D)
  2 naga sharpshooters (D)
  Urug (D)
  A sea snake (D)
  A glowing orange brain (D)
  2 spriggan druids (D)
  A deep troll (shapeshifter) (D)
  4 swamp dragons (D)
  A wizard (D)
  7 orc knights (D)
  2 lindwurms (D)
  2 phantasmal warriors (D)
  An ironbound convoker (D)
  A deep elf pyromancer (D)
  An orb spider (D)
  2 ugly things (D)
  A wolf spider (D)
  A cyclops (D)
  2 orc sorcerers (D)
  3 manticores (D)
  A guardian serpent (D)
  9 moths of wrath (D)
  A black mamba (D)
  2 cane toads (D)
  7 naga magi (D)
  Joseph (D)
  A cane toad (shapeshifter) (D)
  6 elephants (D)
  2 komodo dragons (D)
  4 rime drakes (D)
  2 demonic crawlers (D)
  A yaktaur (D)
  A freezing wraith (D)
  A tengu conjurer (D)
  A tyrant leech (D)
  2 merfolk (D)
  A wind drake (D)
  2 trolls (D)
  A troll (shapeshifter) (D)
  3 jumping spiders (D)
  A bloated husk (D)
  2 raiju (D)
  A blink frog (D)
  A snapping turtle (D)
  5 redbacks (D)
  A wyvern (D)
  A tarantella (D)
  A yak (D)
  Grum (D)
  4 nagas (D)
  3 acid dragons (D)
  A water moccasin (D)
  A swamp drake (D)
  10 orc warriors (D)
  A phantom (D)
  3 wolves (D)
  A centaur (D)
  4 bullfrogs (D)
  A hound (D)
  11 orc priests (D)
  An iguana (D)
  3 orc wizards (D)
  A shadow imp (D)
  A dart slug (D)
  6 orcs (D)
  An endoplasm (D)
  A jackal (D)
  3 frilled lizards (D)
417 creatures vanquished.

Vanquished Creatures (others)
  Ilsuiw (D)
  A wizard (D)
  An orc (D)
3 creatures vanquished.

Grand Total: 420 creatures vanquished

Notes
Turn   | Place    | Note
-------+----------+-------------------------------------------
     0 | D        | mhtbhm the Minotaur Fighter began the quest for the Orb.
     0 | D        | Reached XP level 1. HP: 19/19 MP: 0/0
    16 | D        | Noticed an iguana
    16 | D        | Noticed a phantom
    16 | D        | Noticed a hound
    21 | D        | Killed an iguana
    22 | D        | Reached skill level 5 in Fighting
    22 | D        | Reached skill level 5 in Armour
    22 | D        | Reached skill level 5 in Shields
    22 | D        | Reached XP level 2. HP: 29/29 MP: 1/1
    22 | D        | Reached XP level 3. HP: 36/36 MP: 2/2
    30 | D        | Killed a phantom
    31 | D        | Reached XP level 4. HP: 47/47 MP: 3/3
    40 | D        | Reached skill level 5 in Long Blades
    40 | D        | Reached XP level 5. HP: 27/52 MP: 4/4
   193 | D        | Found a snail-covered altar of Cheibriados.
   193 | D        | Found a shadowy altar of Dithmenos.
   193 | D        | Found a white marble altar of Elyvilon.
   193 | D        | Found a blossoming altar of Fedhas.
   193 | D        | Found an opulent altar of Gozag.
   194 | D        | Found a hazy altar of Hepliaklqana.
   195 | D        | Found a viscous altar of Jiyva.
   196 | D        | Found an ancient bone altar of Kikubaaqudgha.
   197 | D        | Found a corrupted altar of Lugonu.
   198 | D        | Found a burning altar of Makhleb.
   199 | D        | Found a sparkling altar of Nemelex Xobeh.
   200 | D        | Found an iron altar of Okawaru.
   201 | D        | Found a stormy altar of Qazlal.
   203 | D        | Became a worshipper of Gozag Ym Sagoz the Greedy
   205 | D        | Found a sacrificial altar of Ru.
   206 | D        | Found a shimmering blue altar of Sif Muna.
   207 | D        | Found a bloodstained altar of Trog.
   208 | D        | Found a hide-covered altar of Uskayaw.
   209 | D        | Found a radiant altar of Vehumet.
   210 | D        | Found an ornate altar of the Wu Jian Council.
   211 | D        | Found a shimmering altar of Xom.
   212 | D        | Found a basalt altar of Yredelemnul.
   213 | D        | Found a glowing silver altar of Zin.
   214 | D        | Found a glowing golden altar of the Shining One.
   261 | D        | Noticed a two-headed ogre
   261 | D        | Noticed a wyvern
   261 | D        | Noticed a yak
   261 | D        | Noticed a two-headed ogre
   261 | D        | Noticed a two-headed ogre
   261 | D        | Noticed a two-headed ogre
   269 | D        | Killed a two-headed ogre
   270 | D        | Reached skill level 10 in Fighting
   270 | D        | Reached XP level 6. HP: 43/67 MP: 5/5
   270 | D        | Reached XP level 7. HP: 47/73 MP: 6/6
   271 | D        | Killed a wyvern
   272 | D        | Reached skill level 10 in Shields
   274 | D        | Killed a yak
   275 | D        | Reached XP level 8. HP: 50/82 MP: 7/7
   277 | D        | Killed a two-headed ogre
   278 | D        | Reached skill level 10 in Long Blades
   280 | D        | Killed a two-headed ogre
   281 | D        | Reached skill level 1 in Stealth
   281 | D        | Reached XP level 9. HP: 44/93 MP: 8/8
   281 | D        | Killed a two-headed ogre
   478 | D        | Noticed a troll
   478 | D        | Noticed a two-headed ogre
   478 | D        | Noticed a deep elf pyromancer
   478 | D        | Noticed a cyan ugly thing
   478 | D        | Noticed a centaur warrior
   481 | D        | Killed a troll
   481 | D        | Noticed a cane toad
   481 | D        | a blink frog changed into a cane toad
   487 | D        | Killed a two-headed ogre
   488 | D        | Reached skill level 15 in Armour
   488 | D        | Reached skill level 1 in Evocations
   491 | D        | Killed a cane toad
   497 | D        | Killed a cyan ugly thing
   498 | D        | Reached XP level 10. HP: 69/104 MP: 9/9
   503 | D        | Killed a centaur warrior
   505 | D        | Killed a deep elf pyromancer
   784 | D        | Noticed a lindwurm
   806 | D        | Reached skill level 15 in Long Blades
   811 | D        | Killed a lindwurm
   812 | D        | Reached skill level 15 in Fighting
   999 | D        | Noticed a cane toad
   999 | D        | Noticed a six-headed hydra
   999 | D        | Noticed a five-headed hydra
  1006 | D        | Reached skill level 5 in Dodging
  1008 | D        | Noticed a five-headed hydra
  1008 | D        | Killed a four-headed hydra
  1015 | D        | Killed a one-headed hydra
  1016 | D        | Reached skill level 5 in Stealth
  1016 | D        | Reached XP level 11. HP: 82/113 MP: 10/10
  1026 | D        | Killed a one-headed hydra
  1360 | D        | Noticed a dire elephant
  1360 | D        | Noticed a dire elephant
  1378 | D        | Killed a dire elephant
  1397 | D        | Killed a dire elephant
  1913 | D        | Noticed Joseph
  1924 | D        | Killed Joseph
  2082 | D        | Upgraded the game from 0.28-a0-919-g0b5b508569 to
                  | 0.28-a0-925-gd5e1996cdb
  2141 | D        | Noticed an orc sorcerer
  2155 | D        | Killed an orc sorcerer
  2318 | D        | Noticed an orc sorcerer
  2318 | D        | Noticed an orc knight
  2318 | D        | Noticed an orc high priest
  2323 | D        | Killed an orc sorcerer
  2328 | D        | Noticed an orc knight
  2331 | D        | Noticed a sun demon
  2333 | D        | Killed an orc knight
  2344 | D        | Reached XP level 12. HP: 58/127 MP: 11/11
  2352 | D        | Killed an orc high priest
  2622 | D        | Found Centeg's Jewellery Emporium.
  2622 | D        | Noticed an orc high priest
  2622 | D        | Noticed an orc high priest
  2623 | D        | Noticed an orc high priest
  2624 | D        | Noticed an orc high priest
  2626 | D        | Killed an orc high priest
  2627 | D        | Reached skill level 15 in Shields
  2628 | D        | Found Yriun's Antique Armour Shoppe.
  2634 | D        | Found Tuerr's Assorted Antiques.
  2634 | D        | Noticed an orc high priest
  2646 | D        | Killed an orc high priest
  2662 | D        | Killed an orc high priest
  2667 | D        | Killed an orc high priest
  2752 | D        | Killed an orc high priest
  3139 | D        | Found Wenkov's Distillery.
  3144 | D        | Noticed an orc high priest
  3152 | D        | Killed an orc high priest
  3160 | D        | Bought a pair of runed gloves for 210 gold pieces
  3160 | D        | Bought a pair of embroidered boots for 210 gold pieces
  3166 | D        | Bought the macabre finger necklace {rN+} for 760 gold
                  | pieces
  3166 | D        | Found the macabre finger necklace {rN+}
  3166 | D        | Bought a potion of might for 76 gold pieces
  3166 | D        | Bought a potion of berserk rage for 95 gold pieces
  3166 | D        | Bought a pair of embroidered gloves for 142 gold pieces
  3166 | D        | Bought a scroll labelled JIORUUDAOSK for 19 gold pieces
  3166 | D        | Bought a scroll labelled JIORUUDAOSK for 19 gold pieces
  3166 | D        | Bought a scroll labelled RASISI IHYMEU for 19 gold pieces
  3166 | D        | Bought a scroll labelled NURHU RUNECH for 19 gold pieces
  3166 | D        | Bought a scroll labelled JIORUUDAOSK for 19 gold pieces
  3166 | D        | Bought a gold wand for 76 gold pieces
  3168 | D        | Bought a potion of haste for 140 gold pieces
  3168 | D        | Bought a potion of heal wounds for 70 gold pieces
  3168 | D        | Bought a potion of haste for 140 gold pieces
  3168 | D        | Bought a potion of curing for 42 gold pieces
  3168 | D        | Bought a potion of heal wounds for 70 gold pieces
  3168 | D        | Bought a potion of heal wounds for 70 gold pieces
  3243 | D        | Noticed Grum
  3252 | D        | Killed Grum
  3293 | D        | Noticed Urug
  3302 | D        | Killed Urug
  3306 | D        | Noticed Harold
  3318 | D        | Killed Harold
  3423 | D        | Got the +4 tower shield of Atwutwe {SInv}
  3499 | D        | Noticed a boulder beetle
  3499 | D        | Noticed a boulder beetle
  3506 | D        | Killed a boulder beetle
  3508 | D        | Noticed a centaur warrior
  3512 | D        | Killed a boulder beetle
  3513 | D        | Noticed a cyan very ugly thing
  3513 | D        | Noticed a deep troll shaman
  3517 | D        | Noticed a rakshasa
  3523 | D        | Noticed a stone giant
  3527 | D        | Killed a cyan very ugly thing
  3528 | D        | Noticed a deep troll shaman
  3530 | D        | Noticed a great orb of eyes
  3533 | D        | Killed a centaur warrior
  3536 | D        | Killed a deep troll shaman
  3537 | D        | Reached XP level 13. HP: 110/141 MP: 12/12
  3547 | D        | Reached skill level 5 in Evocations
  3552 | D        | Killed a stone giant
  4130 | D        | Reached skill level 10 in Stealth
  4300 | D        | Noticed an entropy weaver
  4327 | D        | Killed an entropy weaver
  5174 | D        | Reached skill level 1 in Throwing
  5370 | D        | Noticed Frances
  5385 | D        | Killed Frances
  5636 | D        | Noticed Saint Roka
  5659 | D        | Killed Saint Roka
  5660 | D        | Reached XP level 14. HP: 92/157 MP: 13/13
  5705 | D        | Noticed Rupert
  6225 | D        | Killed Rupert
  6393 | D        | Noticed a green very ugly thing
  6393 | D        | Noticed a purple very ugly thing
  6394 | D        | Noticed an iron dragon
  6396 | D        | Killed a green very ugly thing
  6405 | D        | Killed a purple very ugly thing
  6406 | D        | Noticed a purple very ugly thing
  6411 | D        | Noticed a stone giant
  6423 | D        | Killed an iron dragon
  6427 | D        | Killed a purple very ugly thing
  6431 | D        | Noticed a vampire knight
  6442 | D        | Killed a stone giant
  6446 | D        | Killed a vampire knight
  6463 | D        | Noticed a stone giant
  6479 | D        | Killed a stone giant
  6639 | D        | Noticed an ironbound preserver
  6640 | D        | Noticed a vault warden
  6653 | D        | Noticed a purple very ugly thing
  6670 | D        | Noticed an orc warlord
  6671 | D        | Killed an ironbound preserver
  6672 | D        | Noticed an ironbound preserver
  6674 | D        | Noticed an ironbound preserver
  6691 | D        | Killed a vault warden
  6714 | D        | Killed a purple very ugly thing
  6827 | D        | Killed an orc warlord
  6832 | D        | Killed an ironbound preserver
  7220 | D        | Killed an ironbound preserver
  7238 | D        | Noticed a vault warden
  7248 | D        | Killed a vault warden
  7345 | D        | Noticed an orc warlord
  7375 | D        | Noticed a vault warden
  7376 | D        | Noticed a vault warden
  7377 | D        | Noticed an ironbound preserver
  7391 | D        | Killed an orc warlord
  7400 | D        | Killed a vault warden
  7419 | D        | Killed a vault warden
  7420 | D        | Reached XP level 15. HP: 111/171 MP: 14/14
  7843 | D        | Noticed Margery
  7869 | D        | Killed Margery
  7986 | D        | Noticed Mennas
  8076 | D        | HP: 6/172 [Mennas (13)]
  8080 | D        | Killed Mennas
  8665 | D        | Noticed Aizul
  8684 | D        | Killed Aizul
  9028 | D        | Noticed Frederick
  9052 | D        | Killed Frederick
  9142 | D        | Bought the +1 cloak of Starlight {*Dazzle EV+4 Stlth--} for
                  | 945 gold pieces
  9142 | D        | Found the +1 cloak of Starlight {*Dazzle EV+4 Stlth--}
  9159 | D        | Bought a distressingly furry scale mail for 279 gold pieces
  9159 | D        | Identified the +0 scale mail "Iwigej" {-Tele Rampage rN+
                  | Str+4} (You bought it in a shop in the Dungeon)
  9170 | D        | Bought a brightly glowing scale mail for 279 gold pieces
  9170 | D        | Identified the +6 scale mail of the Boiling Point {Will++}
                  | (You bought it in a shop in the Dungeon)
  9185 | D        | Noticed Ilsuiw
  9200 | D        | Reached skill level 10 in Dodging
  9213 | D        | Killed Ilsuiw
  9248 | D        | HP: 4/173 [merfolk javelineer/silver javelin (6)]
  9852 | D        | Got a barnacled rune of Zot
  9887 | D        | Noticed a nagaraja
  9888 | D        | Noticed a nagaraja
  9901 | D        | Killed a nagaraja
  9902 | D        | Reached skill level 27 in Fighting
  9902 | D        | Noticed a nagaraja
  9908 | D        | Killed a nagaraja
  9913 | D        | Reached skill level 5 in Throwing
  9919 | D        | Killed a nagaraja
  9941 | D        | Got a serpentine rune of Zot
 10287 | D        | Noticed a ghost moth
 10288 | D        | Noticed a ghost moth
 10298 | D        | Killed a ghost moth
 10305 | D        | Noticed a ghost moth
 10315 | D        | Killed a ghost moth
 10349 | D        | Killed a ghost moth
 10353 | D        | Got a gossamer rune of Zot
 10402 | D        | Reached skill level 27 in Long Blades
 10405 | D        | Reached skill level 27 in Shields
 10412 | D        | Reached XP level 16. HP: 66/183 MP: 8/15
 10452 | D        | Got a decaying rune of Zot
 10830 | D        | Noticed Agnes
 10840 | D        | Killed Agnes
 10841 | D        | Reached skill level 10 in Throwing
 10906 | D        | Noticed Mara
 10921 | D        | Killed Mara
 10954 | D        | Reached skill level 15 in Stealth
 11007 | D        | Reached skill level 15 in Dodging
 11200 | D        | Noticed a tengu reaver
 11200 | D        | Noticed a titan
 11225 | D        | Killed a tengu reaver
 11233 | D        | Noticed a shadow dragon
 11238 | D        | Killed a titan
 11239 | D        | Noticed a shadow dragon
 11265 | D        | Killed a shadow dragon
 11279 | D        | Killed a shadow dragon
 11626 | D        | Noticed a shadow dragon
 11626 | D        | Noticed a tengu reaver
 11626 | D        | Noticed a shadow dragon
 11626 | D        | Noticed a shadow dragon
 11636 | D        | Killed a shadow dragon
 11643 | D        | Killed a tengu reaver
 11644 | D        | Noticed a quicksilver dragon
 11650 | D        | Noticed an ancient lich
 11653 | D        | Noticed a shadow dragon
 11657 | D        | Killed a shadow dragon
 11672 | D        | Killed an ancient lich
 11675 | D        | Killed a shadow dragon
 11676 | D        | Reached skill level 27 in Armour
 11676 | D        | Reached XP level 17. HP: 67/191 MP: 16/16
 11690 | D        | Killed a quicksilver dragon
 11696 | D        | Got a silver rune of Zot
 11716 | D        | Identified the +3 plate armour of Xoink {Harm rF+}
 12038 | D        | Noticed Nikola
 12047 | D        | Killed Nikola
 12141 | D        | Got the ring "Guirryn" {Wiz *Slow rPois Stlth+}
 12143 | D        | Got the ring "Guogorikut" {Fire rElec Str-5 Int+2}
 12145 | D        | Got the ring of Ruinug {Will+ Int+3}
 12147 | D        | Got the ring "Plog" {Ice rN+}
 12149 | D        | Got the ring "Peicsuczi" {AC+3 Str+7}
 12160 | D        | Got the +5 demon blade "Extur" {elec, rPois Str+6}
 12273 | D        | Noticed Xtahua
 12286 | D        | Killed Xtahua
 12292 | D        | Noticed Sojobo
 12318 | D        | Killed Sojobo
 12502 | D        | Noticed a juggernaut
 12503 | D        | Noticed a walking divine tome
 12515 | D        | Killed a juggernaut
 12542 | D        | Killed a walking divine tome
 12786 | D        | Noticed a golden dragon
 12795 | D        | Noticed a golden dragon
 12807 | D        | Killed a golden dragon
 12834 | D        | Killed a golden dragon
 13065 | D        | Noticed a quicksilver dragon
 13065 | D        | Noticed a golden dragon
 13065 | D        | Noticed a tentacled monstrosity
 13085 | D        | Killed a golden dragon
 13091 | D        | Killed a tentacled monstrosity
 13096 | D        | Killed a quicksilver dragon
 13549 | D        | Reached skill level 27 in Stealth
 13764 | D        | Reached skill level 15 in Throwing
 14151 | D        | Noticed an Orb Guardian
 14151 | D        | Noticed an Orb Guardian
 14151 | D        | Noticed an Orb Guardian
 14151 | D        | Noticed an Orb Guardian
 14151 | D        | Noticed an Orb Guardian
 14151 | D        | Noticed an Orb Guardian
 14156 | D        | Killed an Orb Guardian
 14157 | D        | Reached XP level 18. HP: 200/200 MP: 17/17
 14159 | D        | Killed an Orb Guardian
 14163 | D        | Killed an Orb Guardian
 14173 | D        | Killed an Orb Guardian
 14174 | D        | Reached skill level 27 in Dodging
 14177 | D        | Killed an Orb Guardian
 14185 | D        | Killed an Orb Guardian
 14186 | D        | Noticed an Orb Guardian
 14187 | D        | Noticed an Orb Guardian
 14188 | D        | Noticed an Orb Guardian
 14189 | D        | Noticed an Orb Guardian
 14196 | D        | Killed an Orb Guardian
 14203 | D        | Killed an Orb Guardian
 14207 | D        | Killed an Orb Guardian
 14212 | D        | Killed an Orb Guardian
 14235 | D        | Bought a scroll of enchant armour for 285 gold pieces
 14235 | D        | Bought a scroll of enchant weapon for 285 gold pieces
 14235 | D        | Bought a potion of heal wounds for 190 gold pieces
 14237 | D        | Bought a scroll labelled YMOXEM FUSTRE for 36 gold pieces
 14237 | D        | Bought a glowing red potion for 32 gold pieces
 14237 | D        | Bought a scroll labelled FAXTEM DEPTAN for 36 gold pieces
 14245 | D        | Noticed a tentacled monstrosity
 14245 | D        | Noticed an Orb Guardian
 14245 | D        | Noticed an Orb Guardian
 14245 | D        | Noticed a tentacled monstrosity
 14247 | D        | Killed a tentacled monstrosity
 14248 | D        | Killed a tentacled monstrosity
 14249 | D        | Noticed an Orb Guardian
 14252 | D        | Noticed an Orb Guardian
 14258 | D        | Killed an Orb Guardian
 14259 | D        | Killed an Orb Guardian
 14263 | D        | Killed an Orb Guardian
 14266 | D        | Killed an Orb Guardian
 14267 | D        | Reached skill level 10 in Evocations
 14293 | D        | Noticed an ancient lich
 14295 | D        | Killed an ancient lich
 14298 | D        | Noticed an orb of fire
 14310 | D        | Bought a potion of curing for 111 gold pieces
 14310 | D        | Bought an orange potion for 33 gold pieces
 14310 | D        | Bought a wand of acid (7) for 296 gold pieces
 14324 | D        | Gained mutation: You do not regenerate when monsters are
                  | visible. [an orb of fire]
 14327 | D        | Killed an orb of fire
 14388 | D        | Lost mutation: You do not regenerate when monsters are
                  | visible. [potion of mutation]
 14388 | D        | Gained mutation: You have large cloven feet. [potion of
                  | mutation]
 14388 | D        | Gained mutation: You have hoof-like feet. [potion of
                  | mutation]
 14388 | D        | Gained mutation: Your mind is acute. (Int +2) [potion of
                  | mutation]
 14388 | D        | Gained mutation: You are agile. (Dex +2) [potion of
                  | mutation]
 14604 | D        | Noticed an electric golem
 14612 | D        | Killed an electric golem
 14678 | D        | Noticed an Orb Guardian
 14678 | D        | Noticed an orb of fire
 14678 | D        | Noticed an electric golem
 14678 | D        | Noticed an electric golem
 14678 | D        | Noticed an Orb Guardian
 14680 | D        | Killed an Orb Guardian
 14681 | D        | Killed an Orb Guardian
 14682 | D        | Noticed an orb of fire
 14685 | D        | Noticed an Orb Guardian
 14687 | D        | Lost mutation: You have hoof-like feet. [an orb of fire]
 14688 | D        | Killed an orb of fire
 14688 | D        | Killed an electric golem
 14690 | D        | Killed an electric golem
 14690 | D        | Killed an Orb Guardian
 14699 | D        | Gained mutation: You occasionally shout uncontrollably at
                  | your foes. [an orb of fire]
 14701 | D        | Killed an orb of fire
 14702 | D        | Reached skill level 15 in Evocations
 14704 | D        | Noticed a Killer Klown
 14884 | D        | Noticed an ancient lich
 14886 | D        | Noticed an orb of fire
 14887 | D        | Noticed an electric golem
 14894 | D        | Killed an ancient lich
 14895 | D        | Killed an electric golem
 14903 | D        | Killed an orb of fire
 14910 | D        | Killed a Killer Klown
 14936 | D        | Noticed an Orb Guardian
 14936 | D        | Noticed an Orb Guardian
 14936 | D        | Noticed an Orb Guardian
 14936 | D        | Noticed an Orb Guardian
 14936 | D        | Noticed an Orb Guardian
 14936 | D        | Noticed an Orb Guardian
 14940 | D        | Killed an Orb Guardian
 14944 | D        | Killed an Orb Guardian
 14946 | D        | Noticed an Orb Guardian
 14948 | D        | Killed an Orb Guardian
 14948 | D        | Killed an Orb Guardian
 14948 | D        | Killed an Orb Guardian
 14948 | D        | Killed an Orb Guardian
 14949 | D        | Reached skill level 27 in Throwing
 14949 | D        | Reached XP level 19. HP: 207/207 MP: 18/18
 14964 | D        | Reached skill level 1 in Axes
 14980 | D        | Reached skill level 1 in Polearms
 14980 | D        | Reached skill level 1 in Slings
 14980 | D        | Reached skill level 1 in Bows
 14985 | D        | Reached skill level 1 in Short Blades
 14985 | D        | Reached skill level 1 in Maces & Flails
 14985 | D        | Reached skill level 1 in Staves
 14985 | D        | Reached skill level 1 in Crossbows
 14985 | D        | Reached skill level 1 in Unarmed Combat
 15118 | D        | Noticed an ancient lich
 15122 | D        | Noticed an ancient lich
 15168 | D        | Reached skill level 1 in Spellcasting
 15177 | D        | Killed an ancient lich
 15181 | D        | Killed from afar by an ancient lich

Illustrated notes

Levels and vault maps discovered:
D:        linesprint [early_d, line_temple, items_1, d_10, items_2, lair_1,
          lair_end, items_3, orc_1, orc_end, items_4, d_15, swamp_1, shoals_1,
          snake_1, spider_1, d_20, vaults_1, items_5, swamp_end, shoals_end,
          snake_end, spider_end, vaults_end, d_27, items_6, zot_1, zot_end,
          crypt_end, forest_end, elf_end, slime_end, tomb_end, abyss_end,
          pan_hell_end]

Skill      XL: |  1  2  3  4  5  6  7  8  9 10 11 12 13 14 15 16 17 18 19 |
---------------+----------------------------------------------------------+-----
Fighting       | 5 7 10 11 13 14 15 18 20 23 25 27 | 27.0
Armour         | 5 6 7 11 12 13 15 17 18 20 21 23 24 27 | 27.0
Shields        | 5 6 7 9 10 11 12 13 14 16 18 21 27 | 27.0
Long Blades    | 3 4 5 8 9 11 13 16 18 20 22 25 27 | 27.0
Dodging        | 2 3 4 5 7 8 9 12 18 26 27 | 27.0
Stealth        | 1 3 5 6 8 10 13 14 21 27 | 27.0
Evocations     | 1 2 4 5 18 22 | 22.0
Throwing       | 2 4 7 12 15 27 | 27.0
Axes           | 3 |  3.0
Polearms       | 2 |  2.9
Slings         | 2 |  2.7
Bows           | 1 |  1.1
Short Blades   | 2 |  2.5
Maces & Flails | 2 |  2.7
Staves         | 2 |  2.8
Crossbows      | 1 |  1.1
Unarmed Combat | 1 |  1.0
Spellcasting   | 1 |  1.2
Conjurations   | |  0.6
Hexes          | |  0.5
Summonings     | |  0.7
Necromancy     | |  0.6
Translocations | |  0.6
Transmutations | |  0.9
Fire Magic     | |  0.6
Ice Magic      | |  0.7
Air Magic      | |  0.7
Earth Magic    | |  0.9
Poison Magic   | |  0.7
Invocations    | |  0.9

Action                   |  1- 3 |  4- 6 |  7- 9 | 10-12 | 13-15 | 16-18 | 19-21 || total
-------------------------+-------+-------+-------+-------+-------+-------+-------++-------
Melee: Long sword        |    19 |    11 |       |       |       |       |       ||    30
       Headbutt          |     4 |     2 |     1 |    73 |   187 |   231 |    29 ||   527
       Scimitar          |       |     5 |    26 |   326 |   543 |    31 |       ||   931
       Eudemon blade     |       |       |       |       |   166 |   302 |    44 ||   512
       Demon blade       |       |       |       |       |       |   363 |    40 ||   403
Throw: Javelin           |       |       |       |       |    21 |    40 |     1 ||    62
       Boomerang         |       |       |       |       |     1 |       |       ||     1
       Throwing net      |       |       |       |       |     1 |       |       ||     1
Invok: Potion Petition   |       |       |       |     2 |     7 |     4 |     1 ||    14
       Call Merchant     |       |       |       |       |     1 |     3 |       ||     4
Evoke: Wand              |       |       |     3 |    10 |     2 |       |       ||    15
  Use: Potion            |     1 |     3 |     2 |     2 |    17 |     3 |     1 ||    29
       Scroll            |       |       |       |     4 |     7 |     5 |       ||    16
 Stab: Invisible         |       |       |     3 |     8 |     9 |     4 |       ||    24
       Distracted        |       |       |       |     5 |     9 |    15 |     3 ||    32
       Sleeping          |       |       |       |       |       |     3 |       ||     3
Armor: Scale mail        |     5 |     2 |       |       |    23 |    69 |    34 ||   133
       Chain mail        |       |     2 |    11 |    83 |       |       |       ||    96
       Storm dragon scal |       |       |       |     4 |   132 |       |       ||   136
       Skin              |       |       |       |       |     1 |       |       ||     1
Dodge: Dodged            |     3 |     7 |     7 |    77 |   146 |    97 |    15 ||   352
Block: Buckler           |     3 |     6 |     3 |    64 |   165 |       |       ||   241
       Reflection        |       |       |       |       |    15 |     4 |       ||    19
       Tower shield      |       |       |       |       |   292 |   399 |    65 ||   756

Table legend: (Time is in decaauts) A = Elapsed time spent in this place. B = Non-inter-level travel time spent in this place. C = Inter-level travel time spent in this place. D = Time resting spent in this place. E = Time spent auto-exploring this place. F = Levels seen in this place. G = Mean time per level. A B C D E F G +--------+--------+--------+--------+--------+-----+--------+ Total | 14434 | 14434 | 0 | 8696 | 493 | 1 | 14434.0 | Dungeon | 14434 | 14434 | 0 | 8696 | 493 | 1 | 14434.0 | +--------+--------+--------+--------+--------+-----+--------+

Top non-repeatable levels by time:
       D: 14434 daAuts
